 Dungeon Crawl Stone Soup version 0.26.0-11-g8f856b5395 (webtiles) character file.

Game seed: 14258254696186137633

104999 teolandon225 the Unseen (level 15, 0/79 HPs)
             Began as a Spriggan Enchanter on Jan 12, 2021.
             Was the Champion of Ashenzari.
             Killed from afar by a will-o-the-wisp (11 damage)
             ... with a foxfire
             ... on level 1 of the Swamp on Jan 14, 2021.
             The game lasted 02:14:47 (37920 turns).

teolandon225 the Unseen (Spriggan Enchanter)       Turns: 37920, Time: 02:14:48

Health: 0/79       AC:  5    Str: 10    XL:     15   Next: 93%
Magic:  30/38      EV: 38    Int: 25    God:    Ashenzari [******]
Gold:   1692       SH: 10    Dex: 19    Spells: 6/33 levels left

rFire    + . .     SeeInvis +   n - +4 rapier of the Yoke {pain, +Rage rPois rC++ Stlth+} (curse)
rCold    + + .     Faith    +   S - +2 buckler
rNeg     . . .     Spirit   .   Z - +2 robe {Archmagi} (curse)
rPois    +         Reflect  .   f - +1 hat
rElec    .         Harm     .   O - scarf {shadows} (curse)
rCorr    .         Rampage  .   (gloves unavailable)
Will     ++...     Clarity  +   (boots unavailable)
Stlth    ++++++++..             X - amulet of faith
HPRegen  0.23/turn              q - ring of magical power
MPRegen  0.26/turn              J - ring "Povowk" {rF+ EV+4 Str+6 Int+4}

@: confusing touch, about to teleport, very quick
A: very small, unfitting armour, see invisible, speed 3
a: Renounce Religion, Evoke Berserk Rage, Curse Item, Scrying, Transfer
Knowledge


You were on level 1 of the Swamp.
You worshipped Ashenzari.
Ashenzari was exalted by your worship.
You visited 4 branches of the dungeon, and saw 24 of its levels.

You collected 2390 gold pieces.
You spent 698 gold pieces at shops.

Inventory:

Hand Weapons
 a - a +4 dagger of speed
 b - a +0 hunting sling
 n - the cursed +4 rapier of the Yoke (weapon) {pain, +Rage rPois rC++ Stlth+}
   (You acquired it on level 4 of the Lair of Beasts)

   In the hands of one skilled in necromantic magic, it inflicts extra damage on
   living creatures.
   It greatly protects you from cold.
   It protects you from poison.
   It lets you go berserk.
   It makes you more stealthy.
   It has a curse placed upon it.
 K - a +4 lajatang of venom
Missiles
 p - 625 stones (quivered)
Armour
 f - a +1 hat (worn)
 M - a +2 robe of fire resistance
 O - a cursed scarf of shadows (worn)
 S - a +2 buckler (worn)
 Z - a cursed +2 robe of the Archmagi (worn)
Jewellery
 e - a cursed -4 ring of protection
 g - a +6 ring of dexterity
 q - a ring of magical power (left hand)
 y - an uncursed ring of willpower
 A - an uncursed ring of resist corrosion
 J - the ring "Povowk" (right hand) {rF+ EV+4 Str+6 Int+4}
   (You found it on level 5 of the Lair of Beasts)

   [ring of evasion]

   It affects your evasion (+4).
   It affects your strength (+6).
   It affects your intelligence (+4).
   It protects you from fire.
 Q - an uncursed ring of flight
 U - an uncursed ring of positive energy
 V - an uncursed ring of poison resistance
 X - an amulet of faith (around neck)
Wands
 k - a wand of digging (4)
 s - a wand of paralysis (7)
 w - a wand of iceblast (17)
 D - a wand of enslavement (17)
 G - a wand of flame (28)
 I - a wand of acid (9)
 L - a wand of polymorph (28)
 Y - a wand of random effects (14)
Scrolls
 m - 2 scrolls of magic mapping
 o - 2 scrolls of enchant armour
 v - a scroll of fear
 z - 7 scrolls of teleportation
 H - 6 scrolls of identify
 P - 2 scrolls of amnesia
 R - 3 scrolls of fog
 T - 2 scrolls of remove curse
 W - a scroll of blinking
Potions
 c - 2 potions of might
 d - 8 potions of curing
 h - 3 potions of mutation
 i - 7 potions of ambrosia
 j - 7 potions of haste
 l - 3 potions of magic
 r - a potion of resistance
 t - 5 potions of brilliance
 u - 2 potions of flight
 x - 3 potions of heal wounds
 C - 3 potions of lignification
 E - a potion of berserk rage
 N - 3 potions of attraction


   Skills:
 * Level 9.2 Fighting
 - Level 8.5(12.9) Short Blades
 - Level 14.7(17.2) Dodging
 + Level 15.3(17.9) Stealth
 - Level 7.2 Shields
 + Level 9.8 Spellcasting
 - Level 14.3 Hexes
 * Level 11.1 Summonings


You had 6 spell levels left.
You knew the following spells:

 Your Spells              Type           Power        Failure   Level
a - Apportation           Tloc           24%          4%          1
b - Summon Mana Viper     Hex/Summ       66%          1%          5
c - Call Canine Familiar  Summ           61%          1%          3
d - Summon Demon          Summ           30%          1%          5
e - Tukima's Dance        Hex            71%          1%          3
f - Slow                  Hex            71%          1%          2
q - Ensorcelled Hibernat  Hex/Ice        96%          1%          2
r - Dazzling Flash        Conj/Hex       96%          1%          3
w - Confusing Touch       Hex            71%          1%          3

Your spell library contained the following spells:

 Spells                   Type           Power        Failure   Level
 Corona                   Hex            78%          0%          1
 Inner Flame              Hex/Fire       48%          1%          3
 Portal Projectile        Hex/Tloc       96%          1%          3
 Cause Fear               Hex            35%          1%          4
 Leda's Liquefaction      Hex/Erth       24%          2%          4
 Invisibility             Hex            71%          2%          6
 Animate Skeleton         Necr           24%          4%          1
 Beastly Appendage        Tmut           24%          4%          1
 Foxfire                  Conj/Fire      48%          4%          1
 Pain                     Necr           48%          4%          1
 Corpse Rot               Necr/Air       N/A          8%          2
 Poisonous Vapours        Pois/Air       24%          8%          2
 Sublimation of Blood     Necr           6%           8%          2
 Wereblood                Tmut           12%          8%          2
 Shadow Creatures         Summ           N/A          8%          6
 Summon Forest            Summ/Tloc      20%          14%         5
 Conjure Flame            Conj/Fire      12%          16%         3
 Lesser Beckoning         Tloc           6%           16%         3
 Mephitic Cloud           Conj/Pois/Air  12%          16%         3
 Spider Form              Tmut/Pois      6%           16%         3
 Vampiric Draining        Necr           6%           16%         3
 Animate Dead             Necr           6%           45%         4
 Ice Form                 Ice/Tmut       12%          45%         4
 Passage of Golubria      Tloc           N/A          45%         4
 Agony                    Necr           12%          80%         5
 Alistair's Intoxication  Tmut/Pois      8%           80%         5
 Blade Hands              Tmut           6%           80%         5
 Borgnjor's Vile Clutch   Necr/Erth      6%           80%         5
 Death Channel            Necr           6%           100%        6
 Freezing Cloud           Conj/Ice/Air   6%           100%        6
 Summon Hydra             Summ           30%          41%         7


Dungeon Overview and Level Annotations

Branches:
Dungeon (15/15)            Temple (0/1) D:4            Lair (6/6) D:10
  Swamp (1/4) Lair:3       Spider (0/4) Lair:2        Slime (0/5) Lair:6
    Orc (2/2) D:12            Elf (0/3) Orc:2        Vaults (0/5) D:14
 Depths (0/5) D:15

Altars:
Ashenzari
Cheibriados
Dithmenos
Fedhas
Hepliaklqana
Nemelex Xobeh
Okawaru
Ru
Sif Muna
Trog
Uskayaw
Vehumet
Wu Jian
The Shining One
Beogh
Jiyva

Shops:
D:5 !(([?   D:12 [   D:13 :   Orc:2 [*((

Portals:
Abyss: Orc:1

Annotations:
D:2 exclusion: 2 downstairs
D:3 exclusion: downstairs
D:7 exclusions: electric eel, plant and 1 more exclusion
D:9 exclusion: downstairs
Lair:2 exclusion: downstairs
Lair:4 exclusion: downstairs
Lair:5 2 transporters, exclusion: 2 downstairs, Plazmod's ghost, journeyman DECj
Lair:6 1 runed translucent door
Orc:1 2 transporters, HeHawThorn's ghost, novice TrMo
Orc:2 1 runed translucent door, 2 transporters, exclusion: orange crystal statue, TheFrigginByeByeMan's ghost, journeyman GnWn


Innate Abilities, Weirdness & Mutations

You are very small and have problems with some larger weapons.
You are too small for most types of armour.
You have supernaturally acute eyesight. (SInv)
You cover ground extremely quickly.


Message History

Okay, then.
Unknown command.
Unknown command.
Unknown command.
Okay, then.
Casting: Confusing Touch (safe; 1% risk of failure)
Confirm with . or Enter, or press ? or * to list all spells.
Casting: Summon Demon (dangerous; 1% risk of failure)
Press: ? - help, Dir - look around, f - activate You open a gate to Pandemonium!
A demon appears!
Your hellwing closely misses the will-o-the-wisp. x2
Your hellwing hits the will-o-the-wisp. Your hellwing hits the will-o-the-wisp!
Found a +0 scale mail.
The will-o-the-wisp gestures.
The will-o-the-wisp conjures some foxfire! 2 foxfires come into view.
As you read the scroll of teleportation, it crumbles to dust.
You feel strangely unstable. The foxfire hits your hellwing!
The foxfire hits you! You resist.
You die...

≈≈.....≈.≈≈...♣
* *,
†≈.≈≈♣.♣...≈≈.♣
* ,* *
..≈≈.♣♣♣♣♣♣≈.4♣
*, ≈,* * .≈≈≈.♣
♣♣§4♣♣ ,≈≈. **
**, ♣≈≈≈≈♣ ♣v..♣
≈. ≈≈, ≈≈♣.♣♣
♣≈§.♣ *,≈≈. ,*
≈≈≈^♣
♣..§♣♣♣♣.≈≈[
*≈≈,,, ≈..>♣
♣♣.≈.v....≈≈≈***
,,* ≈.§≈♣
♣≈≈...@.≈≈.≈.,≈
, ,* ≈...♣
♣≈..♣♣♣≈..♣♣. ≈,
≈≈, ≈...♣ ..§♣♣♣
♣♣♣♣ , ,≈, *
...♣♣* *..♣. *
*, **
♣♣.♣♣♣,,♣♣. *
♣...♣ * * ♣♣♣♣♣


You could see a will-o-the-wisp and a friendly hellwing (summoned).

Vanquished Creatures
  Rupert (Lair:6)
  Agnes (D:14)
  Kirke (D:14)
  6 boulder beetles
  7 hydras
  3 centaur warriors
  19 two-headed ogres
  A catoblepas (Lair:5)
  2 dancing weapons (D:14)
  A death knight (D:13)
  4 ogre magi (Orc:2)
  Sonja (Lair:6)
  11 slime creatures
  2 fire crabs
  5 skeletal warriors (D:13)
  A glowing orange brain (D:15)
  4 unseen horrors
  A wizard (D:15)
  A lindwurm (Lair:2)
  An orc knight (Orc:1)
  13 ugly things
  A faun (shapeshifter) (D:15)
  A manticore (D:15)
  A will-o-the-wisp (Swamp:1)
  4 cyclopes
  10 elephants
  5 black mambas
  A black mamba (shapeshifter) (D:14)
  4 centaur skeletons
  2 centaur zombies
  2 gargoyles
  20 cane toads
  A komodo dragon (shapeshifter) (D:15)
  A rime drake (Lair:6)
  15 komodo dragons
  A tengu conjurer (D:15)
  6 meliai
  A queen bee (D:14)
  3 trolls
  A polar bear (Lair:4)
  A polar bear (shapeshifter) (D:15)
  2 hornets
  26 blink frogs
  5 tyrant leeches
  A troll (shapeshifter) (D:15)
  34 yaks
  A wraith (D:13)
  A human (shapeshifter) (D:14)
  5 basilisks
  4 hogs (D:14)
  5 wyverns
  2 steam dragons
  A fire elemental (Lair:1)
  A hog (shapeshifter) (D:15)
  6 vampire mosquitoes
  Edmund (D:4)
  An acid dragon (D:9)
  23 water moccasins
  A swamp worm (Swamp:1)
  A swamp drake (D:12)
  2 phantoms
  12 orc warriors
  4 sky beasts
  2 black bears
  2 hornet zombies
  An ice beast (D:5)
  25 ogres
  9 wolves
  14 centaurs
  2 big kobolds
  29 bullfrogs
  2 wyvern zombies
  A water moccasin zombie (D:5)
  A water moccasin skeleton (D:6)
  3 scorpions
  25 killer bees
  5 wights
  9 electric eels
  2 howler monkeys (D:8)
  A bullfrog zombie (D:9)
  A lava snake (Lair:1)
  8 jellies
  8 orc priests
  Crazy Yiuf (D:3)
  3 bullfrog skeletons
  7 hounds
  A gnoll shaman (D:4)
  14 orc wizards
  5 iguanas
  12 worker ants
  A hound skeleton (D:4)
  A worker ant zombie (D:5)
  A howler monkey zombie (D:8)
  4 gnolls
  15 adders
  2 shadow imps
  18 white imps
  2 ufetubi
  2 oozes
  3 adder skeletons
  3 worms (D:2)
  4 dart slugs
  5 leopard geckos
  54 orcs
  7 bats
  8 giant cockroaches
  3 goblins
  6 hobgoblins
  13 jackals
  8 quokkas
  2 ball pythons
  5 frilled lizards
  A jackal zombie (D:8)
  12 kobolds
  A leopard gecko zombie (D:7)
  12 rats
  2 fire vortices
694 creatures vanquished.

Vanquished Creatures (collateral kills)
  A two-headed ogre (Orc:2)
  A centaur warrior (D:15)
  7 ugly things (D:15)
  A centaur zombie (D:15)
  An elephant (Lair:6)
  2 black mambas (Lair:6)
  A cane toad (Lair:6)
  2 blink frogs (Lair:6)
  A wraith (D:13)
  2 ogres (Orc:2)
  2 centaurs (D:15)
  A bullfrog (Lair:6)
  8 wights
  An orc wizard (D:12)
  2 orcs (D:12)
33 creatures vanquished.

Vanquished Creatures (others)
  2 blink frogs (Lair:5)
  2 dancing weapons (D:8)
  2 humans (D:14)
  A water moccasin (Lair:5)
  A killer bee (D:14)
  An orc (D:14)
  A bush (Lair:6)
  7 foxfires (Swamp:1)
  37 fungi
  122 plants
176 creatures vanquished.

Grand Total: 903 creatures vanquished

Notes
Turn   | Place    | Note
-------+----------+-------------------------------------------
     0 | D:1      | teolandon225 the Spriggan Enchanter began the quest for the
                  | Orb.
     0 | D:1      | Reached XP level 1. HP: 9/9 MP: 5/5
     0 | D:1      | Upgraded the game from 0.26.0-8-g74fc34ddfb to
                  | 0.26.0-10-g1f06aea511
   474 | D:1      | Reached XP level 2. HP: 13/13 MP: 6/6
   477 | D:1      | Learned a level 2 spell: Ensorcelled Hibernation
   674 | D:1      | Reached skill level 5 in Stealth
  1411 | D:1      | Reached XP level 3. HP: 16/16 MP: 8/8
  1891 | D:1      | Learned a level 3 spell: Confusing Touch
  2123 | D:2      | Found a sparkling altar of Nemelex Xobeh.
  2345 | D:2      | Found a broken altar of Ashenzari.
  2553 | D:2      | Reached XP level 4. HP: 21/21 MP: 6/9
  2569 | D:2      | Reached skill level 6 in Stealth
  3108 | D:3      | Found a runed translucent door.
  3109 | D:3      | Noticed Crazy Yiuf
  3116 | D:3      | Killed Crazy Yiuf
  3117 | D:3      | Reached skill level 5 in Hexes
  3199 | D:3      | Reached XP level 5. HP: 24/24 MP: 3/10
  4120 | D:2      | Became a worshipper of Ashenzari the Shackled
  4441 | D:3      | Reached skill level 7 in Stealth
  4782 | D:4      | Noticed a hornet
  4803 | D:4      | Killed a hornet
  4804 | D:4      | Reached skill level 5 in Dodging
  4804 | D:4      | Reached skill level 8 in Stealth
  4804 | D:4      | Reached XP level 6. HP: 19/28 MP: 11/11
  5413 | D:4      | Reached XP level 7. HP: 32/32 MP: 12/12
  5789 | D:4      | Noticed Edmund
  5814 | D:4      | Killed Edmund
  5815 | D:4      | Reached skill level 1 in Fighting
  5911 | D:4      | Reached skill level 9 in Stealth
  6130 | D:4      | Reached * piety under Ashenzari
  6257 | D:4      | Found a staircase to the Ecumenical Temple.
  6472 | D:5      | Entered Level 5 of the Dungeon
  6472 | D:5      | Found Otrim's Antique Weapon Shoppe.
  6595 | D:5      | Bought a runed dagger for 125 gold pieces
  6625 | D:5      | Reached XP level 8. HP: 38/38 MP: 13/13
  6625 | D:5      | Found a hide-covered altar of Uskayaw.
  6736 | D:5      | Found Limilath's Weapon Boutique.
  7016 | D:5      | Reached skill level 10 in Stealth
  7155 | D:5      | Found Miyshr Ykaa's Magic Scroll Shop.
  7166 | D:5      | Bought a scroll of identify for 22 gold pieces
  7166 | D:5      | Bought a scroll of identify for 22 gold pieces
  7166 | D:5      | Bought a scroll of teleportation for 33 gold pieces
  7166 | D:5      | Bought a scroll of teleportation for 33 gold pieces
  7166 | D:5      | Bought a scroll of enchant weapon for 82 gold pieces
  7172 | D:5      | Found Eruw's Antique Armour Shoppe.
  7267 | D:5      | Found Lah Muv's Distillery.
  7487 | D:5      | Found a glowing golden altar of the Shining One.
  8013 | D:6      | Reached skill level 11 in Stealth
  8043 | D:6      | Reached ** piety under Ashenzari
  8108 | D:6      | Found an iron altar of Okawaru.
  8478 | D:6      | Learned a level 3 spell: Tukima's Dance
  8681 | D:6      | Found an ornate altar of the Wu Jian Council.
  8725 | D:6      | Found a hazy altar of Hepliaklqana.
  8984 | D:7      | Found a shimmering blue altar of Sif Muna.
  9038 | D:7      | Reached XP level 9. HP: 42/42 MP: 14/14
  9611 | D:7      | Reached skill level 12 in Stealth
  9641 | D:7      | Identified Sif Muna's Disquisition on Confrontation
 10701 | D:8      | Found a shimmering blue altar of Sif Muna.
 11014 | D:8      | Reached skill level 10 in Hexes
 11425 | D:8      | Reached skill level 5 in Short Blades
 11911 | D:9      | Identified Kikubaaqudgha's Tome of Dark Arts
 11925 | D:9      | Noticed a two-headed ogre
 11926 | D:9      | Found a snail-covered altar of Cheibriados.
 11939 | D:9      | Killed a two-headed ogre
 11940 | D:9      | Reached skill level 13 in Stealth
 11940 | D:9      | Reached XP level 10. HP: 45/46 MP: 15/15
 11966 | D:9      | Found a bloodstained altar of Trog.
 11967 | D:9      | Found a radiant altar of Vehumet.
 11968 | D:9      | Found a shadowy altar of Dithmenos.
 12314 | D:9      | Found a sacrificial altar of Ru.
 12391 | D:9      | Noticed a two-headed ogre
 12430 | D:9      | Killed a two-headed ogre
 12875 | D:10     | Entered Level 10 of the Dungeon
 12875 | D:10     | Noticed a two-headed ogre
 12902 | D:10     | Found a shimmering blue altar of Sif Muna.
 12910 | D:10     | Noticed a two-headed ogre
 12915 | D:10     | Killed a two-headed ogre
 12916 | D:10     | Reached skill level 14 in Stealth
 13093 | D:10     | Found a staircase to the Lair.
 13141 | D:10     | Found the +3 Elemental Staff {rElec rF++ rC++ Will++ AC+5}
 13152 | D:10     | Reached skill level 10 in Dodging
 13204 | D:10     | Killed a two-headed ogre
 13321 | D:10     | Reached *** piety under Ashenzari
 13418 | D:10     | Reached skill level 15 in Stealth
 13610 | Lair:1   | Entered Level 1 of the Lair of Beasts
 13615 | Lair:1   | Learned a level 3 spell: Dazzling Flash
 13957 | D:5      | Bought a runed scarf for 216 gold pieces
 13981 | D:5      | Bought a scroll of teleportation for 33 gold pieces
 13981 | D:5      | Bought a scroll of remove curse for 33 gold pieces
 14148 | Lair:1   | Noticed a four-headed hydra
 14156 | Lair:1   | Killed a four-headed hydra
 14157 | Lair:1   | Reached XP level 11. HP: 50/50 MP: 16/16
 15097 | Lair:1   | Noticed a seven-headed hydra
 15673 | Lair:1   | Killed a seven-headed hydra
 16518 | Lair:2   | Reached skill level 16 in Stealth
 16525 | Lair:2   | Noticed a six-headed hydra
 16538 | Lair:2   | Killed a six-headed hydra
 16565 | Lair:2   | Noticed a five-headed hydra
 16763 | Lair:2   | Killed a five-headed hydra
 17211 | Lair:2   | Reached XP level 12. HP: 54/54 MP: 17/17
 17273 | Lair:2   | Found a hole to the Spider Nest.
 17429 | Lair:2   | Reached skill level 17 in Stealth
 17534 | Lair:2   | Found an ornate altar of the Wu Jian Council.
 17868 | Lair:2   | Identified the +6 flail of the Hall of Blades {speed, *Rage
                  | Int+6}
 17868 | Lair:2   | Identified the amulet "Oditaus" {Reflect rElec rC+ Int-3
                  | SH+5}
 18296 | Lair:3   | Found a staircase to the Swamp.
 18361 | Lair:3   | Found a frozen archway.
 20055 | Lair:3   | Noticed a seven-headed hydra
 20556 | Lair:3   | Killed a seven-headed hydra
 21122 | Lair:4   | Reached **** piety under Ashenzari
 21501 | Lair:4   | Noticed a boulder beetle
 21509 | Lair:4   | Killed a boulder beetle
 21510 | Lair:4   | Reached skill level 5 in Spellcasting
 21934 | Lair:5   | Noticed a death yak
 21938 | Lair:5   | Noticed a six-headed hydra
 21944 | Lair:5   | Found a transporter.
 21944 | Lair:5   | Noticed Plazmod's ghost (journeyman DECj)
 22170 | D:5      | Bought a runed robe for 99 gold pieces
 22187 | D:5      | Learned a level 5 spell: Summon Mana Viper
 22430 | Lair:4   | Identified the +5 scale mail "Linkeupt" {*Contam rC+ Will+}
 22478 | Lair:5   | Found a transporter.
 22504 | Lair:5   | Noticed a catoblepas
 22520 | Lair:5   | Reached skill level 18 in Stealth
 22520 | Lair:5   | Reached skill level 1 in Shields
 22520 | Lair:5   | Reached skill level 1 in Summonings
 23536 | Lair:5   | Reached XP level 13. HP: 61/63 MP: 22/22
 23659 | Lair:4   | Identified a scroll of acquirement
 23659 | Lair:4   | Acquired the cursed +4 rapier of the Yoke {pain, +Rage
                  | rPois rC++ Stlth+}
 23843 | Lair:5   | Identified the ring "Povowk" {rF+ EV+4 Str+6 Int+4}
 23932 | Lair:5   | Reached ***** piety under Ashenzari
 24119 | Lair:5   | Identified the +6 scale mail "Offaliut" {rPois rF+ Dex-4}
 24119 | Lair:5   | Identified the +2 leather armour of Hysteria {rElec rF+}
                  | (You found it on level 3 of the Lair of Beasts)
 24136 | Lair:6   | Entered Level 6 of the Lair of Beasts
 24622 | Lair:5   | Reached skill level 5 in Fighting
 24752 | Lair:6   | Noticed Rupert
 24753 | Lair:6   | Noticed Sonja
 26017 | Lair:6   | Killed Sonja
 27026 | Lair:6   | Killed Rupert
 27027 | Lair:6   | Reached XP level 14. HP: 57/70 MP: 10/26
 27391 | Lair:6   | Found a runed translucent door.
 27391 | Lair:6   | Found a viscous altar of Jiyva.
 27391 | Lair:6   | Found a staircase to the Slime Pits.
 27860 | Lair:6   | Learned a level 1 spell: Apportation
 28043 | D:11     | Identified the Disquisition on Summoning and the Voyage
 28053 | D:11     | Learned a level 3 spell: Call Canine Familiar
 28086 | D:11     | Reached skill level 5 in Summonings
 29890 | D:12     | Found Zedwig's Antique Armour Shop.
 30023 | D:12     | Found a staircase to the Orcish Mines.
 30273 | Orc:1    | Entered Level 1 of the Orcish Mines
 30355 | Orc:1    | Found a transporter.
 30359 | Orc:1    | Identified the +4 great mace of Gaukloke {distort, MP-9
                  | Int+4 SInv}
 30359 | Orc:1    | Noticed an orc warlord
 30428 | Orc:1    | Reached skill level 5 in Shields
 30686 | Orc:1    | Noticed a starcursed mass
 30690 | Orc:1    | Found a transporter.
 30881 | Orc:1    | Found a roughly hewn altar of Beogh.
 30951 | Orc:1    | Found a one-way gate to the infinite horrors of the Abyss.
 30955 | Orc:1    | Noticed a purple very ugly thing
 30966 | Orc:1    | Noticed HeHawThorn's ghost (novice TrMo)
 31049 | Orc:2    | Entered Level 2 of the Orcish Mines
 31101 | Orc:2    | Reached skill level 19 in Stealth
 31112 | Orc:2    | Found a staircase to the Elven Halls.
 31221 | Orc:2    | Found a runed translucent door.
 31227 | Orc:2    | Found the +10 tower shield of Ignorance {rN+ Int-4}
 31253 | Orc:2    | Found a runed translucent door.
 31280 | Orc:2    | Found a transporter.
 31282 | Orc:2    | Found a transporter.
 31282 | Orc:2    | Noticed TheFrigginByeByeMan's ghost (journeyman GnWn)
 31287 | Orc:2    | Reached ****** piety under Ashenzari
 32709 | Orc:2    | Found Dilah's Assorted Antiques.
 32709 | Orc:2    | Found Igogek's Weapon Shoppe.
 32710 | Orc:2    | Found Ifippeist's Antique Armour Emporium.
 32710 | Orc:2    | Found Egaeneme's Weapon Shop.
 33072 | D:12     | Learned a level 5 spell: Summon Demon
 33183 | D:13     | Reduced skill Stealth to level 18
 33243 | D:13     | Found Bepp's Book Boutique.
 33274 | D:13     | Identified the Almanac of Evil Secrets
 33371 | D:13     | Reached XP level 15. HP: 77/77 MP: 28/28
 33450 | D:13     | Reduced skill Stealth to level 17
 33722 | D:14     | Reduced skill Stealth to level 16
 33775 | D:14     | Noticed Agnes
 33777 | D:14     | Found a blossoming altar of Fedhas.
 34307 | D:14     | Killed Agnes
 34503 | D:14     | Noticed Kirke
 34511 | D:14     | Reduced skill Stealth to level 15
 34536 | D:14     | Killed Kirke
 34537 | D:14     | Reached skill level 10 in Summonings
 34697 | D:14     | Reduced skill Stealth to level 14
 35380 | D:14     | Found a gate to the Vaults.
 35436 | D:14     | Learned a level 2 spell: Slow
 35693 | D:15     | Entered Level 15 of the Dungeon
 35826 | D:15     | Found a staircase to the Depths.
 35831 | D:15     | Reached skill level 15 in Stealth
 37730 | Swamp:1  | Entered Level 1 of the Swamp
 37753 | Lair:3   | Upgraded the game from 0.26.0-10-g1f06aea511 to
                  | 0.26.0-11-g8f856b5395
 37920 | Swamp:1  | Killed from afar by a will-o-the-wisp

Illustrated notes

Levels and vault maps discovered:
D:1:      wander_arrival_peaceful_grave, layout_loops_corners,
          minmay_rat_gold_closets
D:2:      layout_basic, nicolae_overflow_crystal_walls, serial_park_tiny_1,
          evilmike_ruin_ashenzari
D:3:      layout_rooms, uniq_crazy_yiuf_cottage
D:4:      kennysheep_spiral_hall, layout_gridville, minmay_temple_entry_grid,
          uniq_edmund
D:5:      layout_cave_pools, nicolae_tso_swordbearing_angel, basic_altar,
          serial_shops, nicolae_shop_behind_doors, shop_fountains, shop,
          nicolae_shop_overgrown_old_shop, shop, nrook_pool_corridor
D:6:      layout_gridville, overflow_temple_1_default, basic_altar,
          okawaru_gym_becter
D:7:      layout_gridville, serial_bayou, serial_bayou_shore_b,
          serial_bayou_pond_d, serial_bayou_lagoon_b, serial_bayou_pond_e,
          led_sif_book
D:8:      layout_loops_corners, general_overflow_altar, chequers_big_river
D:9:      layout_rooms, old_standard_altar,
          chequers_temple_overflow_statue_of_worship
D:10:     layout_roguey, lair_entry_dummy, basic_altar
D:11:     layout_loops_ring, dk_noncrumbling_4
D:12:     layout_basic, erik_orc_1, serial_shops,
          nicolae_shop_overgrown_old_shop
D:13:     layout_rooms, serial_glass, glass_columns_a, glass_columns_b,
          due_unseen_surprise, unseen_surprise_small, serial_shops, shop
D:14:     layout_roguey, erik_vaults_1, fedhas_altar_2, special_room
          [special_room_bee], uniq_kirke, uniq_agnes
D:15:     gammafunk_enter_depths_forms, layout_loops_corners
Lair:1:   layout_gridlike, lemuel_another_geyser
Lair:2:   layout_misc_corridors, dummy_spider_entry, basic_altar, minivault_23,
          serial_bayou_pond_e, minmay_lindwurm_lava
Lair:3:   layout_gridlike, swamp_mist, portal_ice_cave_entry_imps
Lair:4:   layout_regular_city
Lair:5:   layout_loops_ring, gammafunk_ghost_arena, infiniplex_staircase_pool
Lair:6:   minmay_lair_end_frog_pond, layout_hall_layers, slime_altar_2,
          uniq_sonja, uniq_rupert
Swamp:1:  layout_falls_marsh, evilmike_swamp_ruin_house_5
Orc:1:    layout_caves, gammafunk_ghost_abyssal_escape, basic_altar,
          nicolae_orc_lava_tube
Orc:2:    st_orc_ogre_mass, layout_caves, gammafunk_ghost_arena,
          chequers_guarded_unrand_ignorance

Skill      XL: |  1  2  3  4  5  6  7  8  9 10 11 12 13 14 15 |
---------------+----------------------------------------------+-----
Hexes          | 4 5 6 7 8 10 12 13 14 | 14.3
Stealth        | 5 6 8 9 11 13 15 16 18 18 15 | 15.3
Dodging        | 4 5 6 7 8 10 11 12 13 14 | 14.7
Short Blades   | 2 3 5 6 8 |  8.5
Fighting       | 1 2 4 6 7 9 |  9.2
Spellcasting   | 5 7 8 9 |  9.8
Shields        | 1 4 5 7 |  7.2
Summonings     | 1 4 7 11 | 11.1

Action                   |  1- 3 |  4- 6 |  7- 9 | 10-12 | 13-15 || total
-------------------------+-------+-------+-------+-------+-------++-------
Melee: Dagger            |   118 |   171 |   394 |   568 |   920 ||  2171
       Rapier            |       |       |       |       |    29 ||    29
Throw: Stone             |       |     1 |       |       |       ||     1
 Cast: Corona            |     3 |       |       |       |       ||     3
       Ensorcelled Hiber |    25 |    69 |    79 |   215 |   362 ||   750
       Confusing Touch   |       |     2 |    29 |    30 |    42 ||   103
       Tukima's Dance    |       |       |    11 |       |     3 ||    14
       Dazzling Flash    |       |       |       |    35 |    77 ||   112
       Summon Mana Viper |       |       |       |       |    15 ||    15
       Apportation       |       |       |       |       |     4 ||     4
       Call Canine Famil |       |       |       |       |     2 ||     2
       Summon Demon      |       |       |       |       |    11 ||    11
Invok: Curse Item        |       |     1 |       |     2 |       ||     3
       Scrying           |       |       |     1 |       |     1 ||     2
       Transfer Knowledg |       |       |       |       |     1 ||     1
Evoke: Wand              |       |       |     1 |    10 |     1 ||    12
  Use: Scroll            |       |     6 |    16 |     3 |    14 ||    39
       Potion            |       |     1 |       |     1 |     3 ||     5
 Stab: Sleeping          |    24 |    37 |    69 |    91 |   243 ||   464
       Confused          |       |     2 |    22 |    22 |    35 ||    81
       Distracted        |       |       |       |     2 |     3 ||     5
       Invisible         |       |       |       |    26 |    67 ||    93
Armor: Robe              |     8 |    11 |     8 |    12 |    13 ||    52
Dodge: Dodged            |    84 |   152 |   200 |   354 |   605 ||  1395
Block: Buckler           |       |       |       |    47 |   305 ||   352
